 Dungeon Crawl Stone Soup version 0.30-a0-347-gf58ed5266c (webtiles) character file.

Game seed: 8150574850285520410

595 KKCryptic the Cleaver (level 7, -1/57 HPs)
             Began as a Minotaur Fighter on Nov 6, 2022.
             Killed from afar by an orc wizard (6 damage)
             ... with a magic dart
             ... on level 5 of the Dungeon.
             The game lasted 00:09:14 (2700 turns).

KKCryptic the Cleaver (Minotaur Fighter)            Turns: 2700, Time: 00:09:15

Health: -1/57      AC:  6    Str: 22    XL:     7   Next: 17%
Magic:  6/6        EV:  9    Int:  5    God:
Gold:   299        SH:  9    Dex: 10    Spells: 6/6 levels left

rFire   . . .      SeeInvis .    a - +0 war axe
rCold   . . .      Faith    .    c - +0 buckler
rNeg    . . .      Spirit   .    b - +0 scale mail
rPois   .          Reflect  +    (helmet restricted)
rElec   .          Harm     .    (no cloak)
rCorr   .          Rampage  .    (no gloves)
Will    .....                    (no boots)
Stlth   ..........               g - amulet of reflection
HPRegen 0.29/turn                (no ring)
MPRegen 0.10/turn                (no ring)

@: mighty
A: horns 2, retaliatory headbutt
a: no special abilities


You were on level 5 of the Dungeon.
You visited 1 branch of the dungeon, and saw 5 of its levels.

You collected 299 gold pieces.

Inventory:

Hand Weapons
 a - a +0 war axe (weapon)
Missiles
 l - 5 silver javelins
Armour
 b - a +0 scale mail (worn)
 c - a +0 buckler (worn)
 f - a +0 chain mail of fire resistance
Jewellery
 g - an amulet of reflection (around neck)
Wands
 p - a wand of paralysis (23) (quivered)
Scrolls
 h - 2 scrolls of fear
 i - a scroll of enchant armour {unknown}
 j - 4 scrolls of blinking {unknown}
 m - a scroll of identify
 o - 4 scrolls of immolation
 s - 2 scrolls of silence {unknown}
 t - a scroll of magic mapping {unknown}
 w - a scroll of acquirement {unknown}
Potions
 k - a potion of attraction
 n - a potion of cancellation {unknown}
 q - a potion of resistance {unknown}
 r - a potion of brilliance {unknown}
 v - a potion of flight {unknown}


   Skills:
 - Level 3.6 Fighting
 + Level 9.6 Axes
 - Level 3.6 Armour
 - Level 3.6 Shields


You had 6 spell levels left.
You didn't know any spells.
Your spell library contained the following spells:

 Spells                   Type           Power      Damage    Failure   Level
 Ignite Poison            Fire/Tmut/Pois 0%         N/A       99%         3
 Sticky Flame             Conj/Fire      0%         2d3       100%        4
 Ignition                 Fire           0%         3d3       100%        8


Dungeon Overview and Level Annotations

Branches:
Dungeon (5/15)
 Temple: D:4-7

Altars:


Innate Abilities, Weirdness & Mutations

You have a pair of horns on your head.
You reflexively headbutt those who attack you in melee.


Message History

You hear some strange, mumbled words.
A magic dart appears from out of thin air!
The magic dart hits you.
* * * LOW HITPOINT WARNING * * *
The orc priest barely misses you.
You feel better. Something hits you.
The orc priest mumbles some strange prayers to Beogh against you.
Pain shoots through your body!
* * * LOW HITPOINT WARNING * * *
You hit the orc priest.
You headbutt the orc priest, but do no damage.
The orc priest is lightly wounded.
You miss something. Something hits you.
* * * LOW HITPOINT WARNING * * *
The orc priest hits you but does no damage.
The orc priest misses you. Something hits you but does no damage.
You feel very mighty all of a sudden. Something hits you.
* * * LOW HITPOINT WARNING * * *
The orc priest barely misses you. You furiously retaliate!
You headbutt the orc priest! You barely miss the orc priest.
You headbutt the orc priest.
You kill the orc priest!
You miss something. Something hits you.
* * * LOW HITPOINT WARNING * * *
You closely miss something. Something hits you.
* * * LOW HITPOINT WARNING * * *
You closely miss something. Something hits you.
* * * LOW HITPOINT WARNING * * *
You barely miss something. Something hits you but does no damage.
You barely miss something. Your headbutt misses something.
Something hits you but does no damage.
You barely miss something. Something hits you.
* * * LOW HITPOINT WARNING * * *
You closely miss something. Something hits you but does no damage.
You miss something.
You hear some strange, mumbled words.
A magic dart appears from out of thin air!
The magic dart hits you.
You die...

.... ... +# #.. .#
.. .# ###.#.#
##.....# #
#....))#.#
#..##)##.#
#.....@..#
#..##{.###
#.####..## #
#......#
#......#######
#......'.....#
#......#####.#
#......# #.########
#......#####........


There were no monsters in sight!

Vanquished Creatures
  A centaur (D:4)
  An ogre (D:4)
  A phantom (D:4)
  4 hounds
  2 orc priests
  An iguana (D:4)
  4 adders
  A worm (D:2)
  6 dart slugs
  9 orcs
  8 bats
  7 endoplasms
  A giant cockroach (D:3)
  15 goblins
  8 hobgoblins
  6 jackals
  2 quokkas
  7 ball pythons
  A frilled lizard (D:3)
  3 kobolds
  5 rats
93 creatures vanquished.

Notes
Turn   | Place    | Note
-------+----------+-------------------------------------------
     0 | D:1      | KKCryptic the Minotaur Fighter began the quest for the Orb.
     0 | D:1      | Reached XP level 1. HP: 19/19 MP: 0/0
    98 | D:1      | Reached skill level 3 in Axes
   179 | D:1      | Reached XP level 2. HP: 26/26 MP: 1/1
   430 | D:2      | Reached skill level 4 in Axes
   538 | D:2      | Reached XP level 3. HP: 31/31 MP: 2/2
   717 | D:2      | Reached skill level 5 in Axes
   924 | D:3      | Reached XP level 4. HP: 39/39 MP: 3/3
  1430 | D:4      | Reached skill level 6 in Axes
  1512 | D:4      | Noticed a phantom
  1522 | D:4      | Killed a phantom
  1523 | D:4      | Reached skill level 7 in Axes
  1523 | D:4      | Reached XP level 5. HP: 45/45 MP: 4/4
  1540 | D:4      | Noticed a centaur
  1546 | D:4      | Killed a centaur
  1547 | D:4      | Reached XP level 6. HP: 41/51 MP: 5/5
  1561 | D:4      | Reached skill level 8 in Axes
  2235 | D:4      | Reached skill level 9 in Axes
  2303 | D:4      | Reached XP level 7. HP: 57/57 MP: 6/6
  2510 | D:5      | Entered Level 5 of the Dungeon
  2700 | D:5      | Killed from afar by an orc wizard

Illustrated notes

Levels and vault maps discovered:
D:1:      eino_arrival_water_cross, layout_rooms
D:2:      layout_basic
D:3:      layout_rooms
D:4:      cheibrodos_greedy_goblins, layout_loops_ring,
          nicolae_kite_square_tiling_tiny, kennysheep_diamond,
          kennysheep_small_spiral
D:5:      layout_basic, chei_slow_surprise, uniq_ijyb

Skill      XL: |  1  2  3  4  5  6 |
---------------+-------------------+-----
Axes           | 3 4 5 7 9 |  9.6
Fighting       | |  3.6
Armour         | |  3.6
Shields        | |  3.6

Action                   |  1- 3 |  4- 6 |  7- 9 || total
-------------------------+-------+-------+-------++-------
Melee: War axe           |    63 |   108 |    21 ||   192
       Headbutt          |    10 |    11 |     6 ||    27
  Use: Scroll            |     2 |     3 |     2 ||     7
       Potion            |       |     1 |     2 ||     3
Armor: Scale mail        |    25 |    38 |    10 ||    73
Dodge: Dodged            |    26 |    31 |     6 ||    63
Block: Buckler           |    26 |    58 |     4 ||    88
       Reflection        |     2 |     5 |       ||     7

Table legend: (Time is in decaauts)
 A = Elapsed time spent in this place.
 B = Non-inter-level travel time spent in this place.
 C = Inter-level travel time spent in this place.
 D = Time resting spent in this place.
 E = Time spent auto-exploring this place.
 F = Levels seen in this place.
 G = Mean time per level.
                   A        B        C        D        E       F      G
               +--------+--------+--------+--------+--------+-----+--------+
         Total |   2740 |   2609 |    131 |    114 |   1924 |   5 |  548.0 |
       Dungeon |   2740 |   2609 |    131 |    114 |   1924 |   5 |  548.0 |
               +--------+--------+--------+--------+--------+-----+--------+

Top non-repeatable levels by time:
     D:4: 1102 daAuts
     D:3: 533 daAuts
     D:2: 487 daAuts
     D:1: 425 daAuts
     D:5: 191 daAuts
